| TOP OF THE 1ST |
|
Winnipeg Goldeyes batting - Pitching for New Jersey Devils : LHP Brad Guffin
|
|
Pitching: LHP Brad Guffin
|
|
|
Batting: SHB Rodrigo Mendoza
|
0-0: Ball 1-0: Foul Ball, location: 2F 1-1: Ball 2-1: Ball 3-1: Foul Ball, location: 2F 3-2: Ground out 4-3 (Groundball, 4, EV 85.6 MPH)
|
|
Batting: LHB Ryuuichi Shintani
|
0-0: Called Strike 0-1: Ball 1-1: Foul Ball, location: 2F 1-2: SINGLE (Line Drive, 6D, EV 111.9 MPH)
|
|
Batting: RHB Josh Harmon
|
0-0: SINGLE (Line Drive, 8RS, EV 90.0 MPH) Ryuuichi Shintani to second
|
|
Batting: RHB Alexandre Garcia
|
0-0: Ball 1-0: Fly out, F8 (Flyball, 8RM, EV 87.5 MPH)
|
|
Batting: RHB Terry Oetker
|
0-0: Ball 1-0: Called Strike 1-1: Ball 2-1: Ball 3-1: Base on Balls Ryuuichi Shintani to third Josh Harmon to second
|
|
Batting: RHB Chris Bejarano
|
0-0: Ball 1-0: Called Strike 1-1: Fly out, F9 (Flyball, 9LM, EV 100.0 MPH)
|
| Top of the 1st over - 0 runs, 2 hits, 0 errors, 3 left on base; Winnipeg 0 - New Jersey 0 |
| BOTTOM OF THE 1ST |
|
New Jersey Devils batting - Pitching for Winnipeg Goldeyes : RHP Jason Waite
|
|
Pitching: RHP Jason Waite
|
|
|
Batting: RHB Sam Callahan
|
0-0: Ball 1-0: Foul Ball, location: 2F 1-1: Ball 2-1: Swinging Strike 2-2: Foul Ball, location: 2F 2-2: Foul Ball, location: 2F 2-2: Foul Ball, location: 2F 2-2: Foul Ball, location: 2F 2-2: Strikes out swinging, 2-3 out at first.
|
|
Batting: RHB Eric Zylstra
|
0-0: Ball 1-0: Ball 2-0: Called Strike 2-1: Foul Ball, location: 2F 2-2: Strikes out looking
|
|
Batting: RHB Nate Henderson
|
0-0: Ball 1-0: Called Strike 1-1: Foul Ball, location: 2F 1-2: Ball 2-2: Strikes out swinging
|
| Bottom of the 1st over - 0 runs, 0 hits, 0 errors, 0 left on base; Winnipeg 0 - New Jersey 0 |
| TOP OF THE 2ND |
|
Winnipeg Goldeyes batting - Pitching for New Jersey Devils : LHP Brad Guffin
|
|
Batting: LHB Jose Hilario
|
0-0: Ball 1-0: Ball 2-0: Foul Ball, location: 2F 2-1: Reached on error, E6 (Groundball, 6M, EV 83.8 MPH)
|
|
Batting: RHB Hisao Takei
|
0-0: Ball 1-0: Ball 2-0: Fly out, F8 (Flyball, 8LM, EV 92.5 MPH)
|
|
Batting: RHB Nestor Moreno
|
0-0: Called Strike 0-1: Called Strike 0-2: Ball 1-2: Foul Ball, location: 2F 1-2: Foul Ball, location: 2F 1-2: Strikes out looking
|
|
Batting: SHB Rodrigo Mendoza
|
0-0: Ball 1-0: SINGLE (Flyball, 89S, EV 91.9 MPH) Jose Hilario to third Runner from 3rd tries for Home, SAFE, throw by CF to home Rodrigo Mendoza to second
|
|
Batting: LHB Ryuuichi Shintani
|
0-0: Called Strike 0-1: Ball 1-1: Foul Ball, location: 2F 1-2: Ball 2-2: Foul Ball, location: 2F 2-2: Foul Ball, location: 2F 2-2: Ground out 5-3 (Groundball, 56S, EV 90.0 MPH)
|
| Top of the 2nd over - 1 run, 1 hit, 1 error, 1 left on base; Winnipeg 1 - New Jersey 0 |
| BOTTOM OF THE 2ND |
|
New Jersey Devils batting - Pitching for Winnipeg Goldeyes : RHP Jason Waite
|
|
Batting: RHB Bill Crogan
|
0-0: Ball 1-0: Swinging Strike 1-1: Ball 2-1: Ball 3-1: Foul Ball, location: 2F 3-2: Ground out 6-3 (Groundball, 6M, EV 82.5 MPH)
|
|
Batting: RHB Juan Medina
|
0-0: Called Strike 0-1: Ground out 6-3 (Groundball, 6, EV 85.6 MPH)
|
|
Batting: RHB Mark Paddock
|
0-0: Ball 1-0: Called Strike 1-1: Ball 2-1: SINGLE (Groundball, 34, EV 107.5 MPH)
|
|
Batting: RHB Dan Mathews
|
0-0: Ball 1-0: Fly out, F9 (Flyball, 9, EV 83.8 MPH)
|
| Bottom of the 2nd over - 0 runs, 1 hit, 0 errors, 1 left on base; Winnipeg 1 - New Jersey 0 |
| TOP OF THE 3RD |
|
Winnipeg Goldeyes batting - Pitching for New Jersey Devils : LHP Brad Guffin
|
|
Batting: RHB Josh Harmon
|
0-0: SINGLE (Line Drive, 89S, EV 102.5 MPH)
|
|
Batting: RHB Alexandre Garcia
|
0-0: Called Strike 0-1: Ball 1-1: Ball 2-1: Ball 3-1: Base on Balls Josh Harmon to second
|
|
Batting: RHB Terry Oetker
|
0-0: Grounds into double play, 6-4-3 (Groundball, 6, EV 79.4 MPH) Josh Harmon to third
|
|
Batting: RHB Chris Bejarano
|
0-0: Called Strike 0-1: Ball 1-1: Fly out, F7 (Flyball, 7S, EV 76.9 MPH)
|
| Top of the 3rd over - 0 runs, 1 hit, 0 errors, 1 left on base; Winnipeg 1 - New Jersey 0 |
| BOTTOM OF THE 3RD |
|
New Jersey Devils batting - Pitching for Winnipeg Goldeyes : RHP Jason Waite
|
|
Batting: RHB Justin Williams
|
0-0: Fly out, F7 (Flyball, 7S, EV 73.8 MPH)
|
|
Batting: RHB Emanuel Anochondo
|
0-0: Ground out 1-3 (Groundball, 34S, EV 73.1 MPH)
|
|
Batting: RHB Sam Callahan
|
0-0: Ball 1-0: Ball 2-0: Foul Ball, location: 2F 2-1: Ball 3-1: Called Strike 3-2: Foul Ball, location: 2F 3-2: Base on Balls
|
|
Batting: RHB Eric Zylstra
|
0-0: Called Strike 0-1: Ball 1-1: Foul Ball, location: 2F 1-2: Strikes out swinging
|
| Bottom of the 3rd over - 0 runs, 0 hits, 0 errors, 1 left on base; Winnipeg 1 - New Jersey 0 |
| TOP OF THE 4TH |
|
Winnipeg Goldeyes batting - Pitching for New Jersey Devils : LHP Brad Guffin
|
|
Batting: LHB Jose Hilario
|
0-0: Fly out, F8 (Flyball, 8RXD, EV 100.6 MPH)
|
|
Batting: RHB Hisao Takei
|
0-0: Ball 1-0: Called Strike 1-1: Swinging Strike 1-2: Strikes out swinging
|
|
Batting: RHB Nestor Moreno
|
0-0: Ball 1-0: Ball 2-0: Called Strike 2-1: Ground out 5-3 (Groundball, 56S, EV 89.4 MPH)
|
| Top of the 4th over - 0 runs, 0 hits, 0 errors, 0 left on base; Winnipeg 1 - New Jersey 0 |
| BOTTOM OF THE 4TH |
|
New Jersey Devils batting - Pitching for Winnipeg Goldeyes : RHP Jason Waite
|
|
Batting: RHB Nate Henderson
|
0-0: Ball 1-0: Ball 2-0: Ball 3-0: Base on Balls
|
|
Batting: RHB Bill Crogan
|
0-0: Called Strike 0-1: Swinging Strike 0-2: Ball 1-2: Strikes out swinging
|
|
Batting: RHB Juan Medina
|
0-0: Ball 1-0: Swinging Strike 1-1: Ball 2-1: Foul Ball, location: 2F 2-2: Ball 3-2: Foul Ball, location: 2F 3-2: Fly out, F8 (Flyball, 8RD, EV 100.6 MPH)
|
|
Batting: RHB Mark Paddock
|
0-0: Called Strike 0-1: Ground out 4-3 (Groundball, 4, EV 85.6 MPH)
|
| Bottom of the 4th over - 0 runs, 0 hits, 0 errors, 1 left on base; Winnipeg 1 - New Jersey 0 |
| TOP OF THE 5TH |
|
Winnipeg Goldeyes batting - Pitching for New Jersey Devils : LHP Brad Guffin
|
|
Batting: SHB Rodrigo Mendoza
|
0-0: Ball 1-0: Called Strike 1-1: Foul Ball, location: 2F 1-2: Ball 2-2: Foul Ball, location: 2F 2-2: Strikes out swinging
|
|
Batting: LHB Ryuuichi Shintani
|
0-0: Ball 1-0: Ball 2-0: Called Strike 2-1: Ground out 4-3 (Groundball, 4, EV 98.8 MPH)
|
|
Batting: RHB Josh Harmon
|
0-0: Ball 1-0: Fly out, F4 (Popup, 34S, EV 78.1 MPH)
|
| Top of the 5th over - 0 runs, 0 hits, 0 errors, 0 left on base; Winnipeg 1 - New Jersey 0 |
| BOTTOM OF THE 5TH |
|
New Jersey Devils batting - Pitching for Winnipeg Goldeyes : RHP Jason Waite
|
|
Batting: RHB Dan Mathews
|
0-0: Ball 1-0: Called Strike 1-1: SINGLE (Line Drive, 4MD, EV 105.6 MPH)
|
|
Batting: RHB Justin Williams
|
0-0: Called Strike 0-1: Called Strike 0-2: Ball 1-2: Strikes out swinging
|
|
Batting: RHB Emanuel Anochondo
|
0-0: Bunted foul 0-1: Sac Bunt to P - play at first, batter OUT! 1-4 Dan Mathews to second
|
|
Batting: RHB Sam Callahan
|
0-0: Ball 1-0: Ball 2-0: Ball 3-0: Called Strike 3-1: Foul Ball, location: 2F 3-2: Fly out, F8 (Flyball, 8RS, EV 88.1 MPH)
|
| Bottom of the 5th over - 0 runs, 1 hit, 0 errors, 1 left on base; Winnipeg 1 - New Jersey 0 |
| TOP OF THE 6TH |
|
Winnipeg Goldeyes batting - Pitching for New Jersey Devils : LHP Brad Guffin
|
|
Batting: RHB Alexandre Garcia
|
0-0: Called Strike 0-1: Ball 1-1: Called Strike 1-2: Ball 2-2: Ball 3-2: Ground out 6-3 (Groundball, 6, EV 108.8 MPH)
|
|
Batting: RHB Terry Oetker
|
0-0: Called Strike 0-1: Foul Ball, location: 2F 0-2: Ball 1-2: Ball 2-2: Ball 3-2: Base on Balls
|
|
Batting: RHB Chris Bejarano
|
0-0: Called Strike 0-1: Swinging Strike 0-2: Ball 1-2: Ball 2-2: Ball 3-2: SINGLE (Groundball, 56S, EV 71.9 MPH) (infield hit) Terry Oetker to second
|
|
Batting: LHB Jose Hilario
|
0-0: Ball 1-0: Fielders Choice at 2nd, 3-6 (Groundball, 34, EV 87.5 MPH) Terry Oetker to third
|
|
Batting: RHB Hisao Takei
|
0-0: Called Strike 0-1: Foul Ball, location: 2F 0-2: Ball 1-2: Ball 2-2: Foul Ball, location: 2F 2-2: DOUBLE (Flyball, 7LM, EV 96.9 MPH) Terry Oetker scores Jose Hilario to third Runner from 3rd tries for Home, SAFE, throw by LF to home
|
|
Batting: RHB Nestor Moreno
|
0-0: Called Strike 0-1: Ball 1-1: Foul Ball, location: 2F 1-2: Fly out, F8 (Flyball, 8LM, EV 81.9 MPH)
|
| Top of the 6th over - 2 runs, 2 hits, 0 errors, 1 left on base; Winnipeg 3 - New Jersey 0 |
| BOTTOM OF THE 6TH |
|
New Jersey Devils batting - Pitching for Winnipeg Goldeyes : RHP Jason Waite
|
|
Batting: RHB Eric Zylstra
|
0-0: Ball 1-0: Swinging Strike 1-1: Fly out, F8 (Line Drive, 8LS, EV 97.5 MPH)
|
|
Batting: RHB Nate Henderson
|
0-0: Ball 1-0: Ball 2-0: Ball 3-0: Called Strike 3-1: Called Strike 3-2: Ground out 6-3 (Groundball, 6, EV 83.8 MPH)
|
|
Batting: RHB Bill Crogan
|
0-0: Ball 1-0: Swinging Strike 1-1: Foul Ball, location: 2F 1-2: Strikes out swinging
|
| Bottom of the 6th over - 0 runs, 0 hits, 0 errors, 0 left on base; Winnipeg 3 - New Jersey 0 |
| TOP OF THE 7TH |
|
Winnipeg Goldeyes batting - Pitching for New Jersey Devils : LHP Brad Guffin
|
|
Pitching: LHP Joe Edwards
|
|
|
Batting: SHB Rodrigo Mendoza
|
0-0: Ball 1-0: Foul Ball, location: 2F 1-1: Foul Ball, location: 2F 1-2: TRIPLE (Flyball, 89XD, EV 106.9 MPH)
|
|
Pinch Runner at 3rd Shaun Price:
|
|
|
Batting: LHB Ryuuichi Shintani
|
0-0: Ball 1-0: Ground out U3 (Groundball, 13, EV 85.0 MPH) Shaun Price scores
|
|
Batting: RHB Josh Harmon
|
0-0: Called Strike 0-1: Called Strike 0-2: Ball 1-2: Fly out, F7 (Flyball, 7D, EV 108.8 MPH)
|
|
Batting: RHB Alexandre Garcia
|
0-0: Foul Ball, location: 2F 0-1: Foul Ball, location: 2F 0-2: Fly out, F8 (Line Drive, 8LM, EV 88.8 MPH)
|
| Top of the 7th over - 1 run, 1 hit, 0 errors, 0 left on base; Winnipeg 4 - New Jersey 0 |
| BOTTOM OF THE 7TH |
|
New Jersey Devils batting - Pitching for Winnipeg Goldeyes : RHP Jason Waite
|
|
Now at 3B: Ed Mosqueda
|
|
|
Batting: RHB Juan Medina
|
0-0: Ground out 1-3 (Groundball, P, EV 66.2 MPH)
|
|
Batting: RHB Mark Paddock
|
0-0: Foul Ball, location: 2F 0-1: Ball 1-1: Swinging Strike 1-2: SINGLE (Flyball, 8RS, EV 92.5 MPH)
|
|
Batting: RHB Dan Mathews
|
0-0: Bunted foul 0-1: Sac Bunt to 23 - play at first, batter OUT! 3-4 Mark Paddock to second
|
|
Batting: RHB Justin Williams
|
0-0: Ball 1-0: Ball 2-0: Foul Ball, location: 2F 2-1: Foul Ball, location: 2F 2-2: Foul Ball, location: 2F 2-2: Ball 3-2: Base on Balls
|
|
Batting: RHB Emanuel Anochondo
|
0-0: Ball 1-0: Foul Ball, location: 2F 1-1: Ball 2-1: Ball 3-1: Called Strike 3-2: Foul Ball, location: 2F 3-2: Strikes out swinging
|
| Bottom of the 7th over - 0 runs, 1 hit, 0 errors, 2 left on base; Winnipeg 4 - New Jersey 0 |
| TOP OF THE 8TH |
|
Winnipeg Goldeyes batting - Pitching for New Jersey Devils : LHP Joe Edwards
|
|
Batting: RHB Terry Oetker
|
0-0: Called Strike 0-1: Ball 1-1: Swinging Strike 1-2: Foul Ball, location: 2F 1-2: SOLO HOME RUN (Flyball, 9D, EV 96.2 MPH), Distance : 357 ft
|
|
Batting: RHB Chris Bejarano
|
0-0: Ball 1-0: Called Strike 1-1: Called Strike 1-2: Foul Ball, location: 2F 1-2: Strikes out looking
|
|
Batting: LHB Jose Hilario
|
0-0: DOUBLE (Flyball, 8RXD, EV 95.0 MPH)
|
|
Batting: RHB Hisao Takei
|
0-0: Ball 1-0: Ball 2-0: Foul Ball, location: 2F 2-1: Ball 3-1: Base on Balls
|
|
Batting: RHB Nestor Moreno
|
0-0: Called Strike 0-1: Ball 1-1: Called Strike 1-2: Foul Ball, location: 2F 1-2: Foul Ball, location: 2F 1-2: Strikes out swinging
|
|
Batting: SHB Ed Mosqueda
|
0-0: Ball 1-0: SINGLE (Groundball, 4S, EV 68.8 MPH) (infield hit) Jose Hilario to third Hisao Takei to second
|
|
Batting: LHB Ryuuichi Shintani
|
0-0: Ball 1-0: Foul Ball, location: 2F 1-1: Ground out 4-3 (Groundball, 4, EV 93.1 MPH)
|
| Top of the 8th over - 1 run, 3 hits, 0 errors, 3 left on base; Winnipeg 5 - New Jersey 0 |
| BOTTOM OF THE 8TH |
|
New Jersey Devils batting - Pitching for Winnipeg Goldeyes : RHP Jason Waite
|
|
Batting: RHB Sam Callahan
|
0-0: Foul Ball, location: 2F 0-1: Swinging Strike 0-2: Strikes out looking
|
|
Pitching: RHP Chi-young Chuko
|
|
|
Batting: RHB Eric Zylstra
|
0-0: Ball 1-0: Ball 2-0: Called Strike 2-1: Swinging Strike 2-2: Ball 3-2: Base on Balls
|
|
Batting: RHB Nate Henderson
|
0-0: Called Strike 0-1: Foul Ball, location: 2F 0-2: Ball 1-2: Foul Ball, location: 2F 1-2: Fly out, F7 (Flyball, 7, EV 93.8 MPH)
|
|
Batting: RHB Bill Crogan
|
0-0: Ball 1-0: 2-RUN HOME RUN (Flyball, 78XD, EV 102.5 MPH), Distance : 412 ft
|
|
Batting: RHB Juan Medina
|
0-0: Ball 1-0: Ball 2-0: Called Strike 2-1: Swinging Strike 2-2: SINGLE (Groundball, 6MD, EV 105.0 MPH)
|
|
Batting: RHB Mark Paddock
|
0-0: Ball 1-0: Called Strike 1-1: Foul Ball, location: 2F 1-2: Strikes out swinging, 2-3 out at first.
|
| Bottom of the 8th over - 2 runs, 2 hits, 0 errors, 1 left on base; Winnipeg 5 - New Jersey 2 |
| TOP OF THE 9TH |
|
Winnipeg Goldeyes batting - Pitching for New Jersey Devils : LHP Joe Edwards
|
|
Pitching: LHP Antonio Davila
|
|
|
Batting: RHB Josh Harmon
|
0-0: SINGLE (Flyball, 78S, EV 97.5 MPH)
|
|
Batting: RHB Alexandre Garcia
|
0-0: Ball 1-0: Ball 2-0: Fly out, F9 (Line Drive, 89M, EV 100.6 MPH)
|
|
Batting: RHB Terry Oetker
|
0-0: Ball 1-0: Ball 2-0: Ball 3-0: Foul Ball, location: 2F 3-1: Foul Ball, location: 2F 3-2: Foul Ball, location: 2F 3-2: Single, Error in OF, E7, batter to second base (Groundball, 56D, EV 100.0 MPH) Josh Harmon to third
|
|
Batting: RHB Chris Bejarano
|
0-0: Foul Ball, location: 2F 0-1: Called Strike 0-2: Ball 1-2: SINGLE (Groundball, 6D, EV 97.5 MPH) Josh Harmon scores Terry Oetker to third Throwing error, E7 Terry Oetker scores Chris Bejarano to second
|
|
Batting: LHB Jose Hilario
|
0-0: Ground out 1-3 (Groundball, 15, EV 66.2 MPH)
|
|
Batting: RHB Hisao Takei
|
0-0: Ball 1-0: Ball 2-0: Called Strike 2-1: Called Strike 2-2: Ground out U3 (Groundball, 34, EV 81.9 MPH)
|
| Top of the 9th over - 2 runs, 3 hits, 2 errors, 1 left on base; Winnipeg 7 - New Jersey 2 |
| BOTTOM OF THE 9TH |
|
New Jersey Devils batting - Pitching for Winnipeg Goldeyes : RHP Chi-young Chuko
|
|
Batting: RHB Dan Mathews
|
0-0: Ball 1-0: Ball 2-0: Called Strike 2-1: SINGLE (Groundball, 56S, EV 68.1 MPH) (infield hit)
|
|
Batting: RHB Justin Williams
|
0-0: Ball 1-0: Swinging Strike 1-1: Called Strike 1-2: Strikes out swinging
|
|
Batting: RHB Emanuel Anochondo
|
0-0: Ball 1-0: Ball 2-0: Ball 3-0: Called Strike 3-1: Called Strike 3-2: Base on Balls Dan Mathews to second
|
|
Batting: RHB Sam Callahan
|
0-0: Called Strike 0-1: Foul Ball, location: 2F 0-2: Grounds into double play, 5-4-3 (Groundball, 56S, EV 76.9 MPH)
|
| Bottom of the 9th over - 0 runs, 1 hit, 0 errors, 1 left on base; Winnipeg 7 - New Jersey 2 |
|